 Dungeon Crawl Stone Soup version 0.16-a0-309-g112360f (webtiles) character file.

1831 Ratboiler the Cudgeler (level 9, -17/68 HPs)
             Began as a Formicid Abyssal Knight on Aug 31, 2014.
             Was an Elder of Lugonu.
             Demolished by Erolcha
             ... wielding a cursed -2 giant spiked club
              (27 damage)
             ... on Level 8 of the Dungeon.
             The game lasted 01:00:24 (9348 turns).

Ratboiler the Cudgeler (Formicid Abyssal Knight)    Turns: 9348, Time: 01:00:24

HP -17/68        AC  8     Str 23      XL: 9   Next: 33%
MP  20/20        EV  7     Int 12      God: Lugonu [****..]
Gold 208         SH 10     Dex 12      Spells:  0 memorised,  8 levels left

rFire  + . .     SeeInvis +     a - +2 whip (elec)
rCold  + . .     Clarity  .     y - +0 scale mail
rNeg   . . .     rCorr    +     x - +0 shield
rPois  +         rRot     .     (helmet unavailable)
rElec  +         Spirit   .     F - +0 cloak
SustAb .         Warding  .     (no gloves)
rMut   .         Stasis   +     (no boots)
Gourm  .                        (no amulet)
MR     .....                    C - ring of invisibility
                                N - cursed ring of teleportation

@: mighty, resistant, not resistant to hostile enchantments, extremely
unstealthy
A: permanent stasis, dig shafts and tunnels, four strong arms, antennae 3
a: Dig, Shaft Self, Depart the Abyss, Bend Space, Banish, Corrupt, Renounce
Religion, Evoke Invisibility, Evoke Teleportation


You were on level 8 of the Dungeon.
You worshipped Lugonu.
Lugonu was greatly pleased with you.
You were not hungry.

You visited 1 branch of the dungeon, and saw 8 of its levels.
You visited the Abyss 1 time.
You also visited: Sewer.

You collected 316 gold pieces.
You spent 108 gold pieces at shops.

Inventory:

Hand weapons
 a - a +2 whip of electrocution (weapon)
 b - a +0 blowgun
 m - a +1 mace
 z - a +0 quarterstaff
 H - a +1 quarterstaff of draining
Missiles
 c - 2 javelins (quivered)
 f - 9 arrows of dispersal
 g - 18 stones
 A - 4 poisoned needles
Armour
 x - a +0 shield (worn)
 y - a +0 scale mail (worn)
 F - a +0 cloak (worn)
 G - a +0 plate armour
Magical devices
 n - a wand of invisibility (4)
 o - a wand of random effects (10)
 E - a wand of slowing (5)
 O - a wand of polymorph (11)
Comestibles
 h - 2 bread rations
 i - a royal jelly
 u - a meat ration
Scrolls
 j - 2 scrolls of remove curse
 l - a scroll of fog {unknown}
 q - a scroll of blinking {unknown}
 r - 2 scrolls of fear
 t - 2 scrolls of magic mapping {unknown}
 v - 2 scrolls of enchant weapon {unknown}
 w - 3 scrolls of recharging
 D - a scroll of amnesia
 L - a scroll of immolation {unknown}
Jewellery
 C - a ring of invisibility (right hand)
 J - a +1 ring of intelligence {unknown}
 N - a cursed ring of teleportation (left hand)
Potions
 d - a potion of flight
 e - a potion of mutation
 k - 4 potions of agility
 I - a potion of invisibility
 M - a potion of poison {unknown}
Magical staves
 B - an uncursed staff of cold {unknown}


   Skills:
 + Level 5.5 Fighting
 * Level 7.0 Maces & Flails
 + Level 4.7 Armour
 + Level 3.3 Dodging
 - Level 0.3 Stealth
 + Level 4.5 Shields
 + Level 6.1 Invocations


You had 8 spell levels left.
You didn't know any spells.

Dungeon Overview and Level Annotations

Branches:
Dungeon (8/15)             Temple (0/1) D:5            Lair (0/8) D:8

Altars:
Okawaru
Qazlal
Trog
Zin
The Shining One

Shops:
D:6 (

Annotations:
D:2 Jessica, Sigmund
D:8 Erolcha


Innate Abilities, Weirdness & Mutations

Your are under a permanent stasis effect.
You can dig through walls and to a lower floor.
Your four strong arms can wield two-handed weapons with a shield.
You have a pair of large antennae on your head (SInv).


Message History

Ouch! That really hurt!
* * * LOW HITPOINT WARNING * * *
Drink which item? (? for menu, Esc to quit)
You feel better. Erolcha barely misses you.
Drink which item? (? for menu, Esc to quit)
You feel protected.
Drink which item? (? for menu, Esc to quit)
You feel better.
Erolcha drinks a potion.
Erolcha suddenly seems more agile.
Drink which item? (? for menu, Esc to quit)
Okay, then.
Read which item? (? for menu, Esc to quit)
Okay, then.
You whack Erolcha!
Erolcha is severely wounded.
Erolcha hits you with a giant spiked club!!
* * * LOW HITPOINT WARNING * * *
Drink which item? (? for menu, Esc to quit)
You feel better.
Erolcha hits you with a giant spiked club!!
You die...

#.....#.....#
#.....#.....#
##..#.......#
#..........##
......##......#
##.### #......#
... #......###
. #......#O##
###.....#@#
####..###
..O...{....#
..######..#
#.$# .... .....
.....# .....


You could see Erolcha.

Vanquished Creatures
  A wyvern (D:8)
  A necrophage (D:5)
  A phantom (D:6)
  A centaur (D:6)
  4 giant frogs (D:7)
  A wyvern zombie (D:6)
  A scorpion (D:6)
  3 wights (D:6)
  2 killer bees (D:8)
  A crimson imp (D:6)
  A soldier ant zombie (D:8)
  2 hounds
  3 jellies (D:7)
  An orc priest (D:6)
  An iguana (D:7)
  5 orc wizards
  Natasha (twice) (D:4)
  2 worker ants
  An ogre skeleton (D:8)
  Ijyb (D:2)
  An orc zombie (D:8)
  5 adders
  A gnoll (D:1)
  A shadow imp (D:6)
  8 worms
  2 giant mites
  A goliath beetle zombie (D:7)
  An iguana zombie (D:3)
  3 giant geckos
  2 oozes (Sewer)
  15 orcs
  4 ball pythons
  13 bats
  4 giant cockroaches
  10 goblins
  12 hobgoblins
  2 jackals
  2 quokkas
  2 giant newts
  14 kobolds
  14 rats
152 creatures vanquished.

Vanquished Creatures (others)
  A sky beast (D:5)
  A goblin (D:5)
2 creatures vanquished.

Grand Total: 154 creatures vanquished

Notes
Turn   | Place    | Note
--------------------------------------------------------------
     0 | Abyss:1  | Ratboiler, the Formicid Abyssal Knight, began the quest for the Orb.
     0 | Abyss:1  | Reached XP level 1. HP: 18/18 MP: 1/1
    43 | Abyss:1  | Noticed a brain worm
    44 | D:1      | Escaped the Abyss
   190 | D:2      | Reached XP level 2. HP: 24/24 MP: 3/3
   248 | D:2      | Noticed Sigmund
   294 | D:1      | Acquired Lugonu's first power
   321 | D:1      | HP: 1/24 [hobgoblin/club (5)]
   674 | D:1      | Reached XP level 3. HP: 26/29 MP: 6/6
  1501 | D:1      | Reached XP level 4. HP: 35/35 MP: 8/8
  1539 | D:2      | Noticed Jessica
  1723 | D:2      | Noticed Ijyb
  1738 | D:2      | Killed Ijyb
  1738 | D:2      | Reached skill level 4 in Invocations
  2262 | D:2      | Noticed a moth of wrath
  2265 | D:2      | Found a bloodstained altar of Trog.
  2434 | D:2      | Acquired Lugonu's second power
  2619 | D:3      | Found a glowing drain.
  2632 | D:3      | Reached XP level 5. HP: 29/41 MP: 11/11
  2760 | Sewer    | Entered a sewer
  3164 | Sewer    | Noticed acidapple's ghost (average DsGl)
  3183 | Sewer    | HP: 2/41 [spatial distortion (4)]
  4424 | D:4      | Noticed Natasha
  4453 | D:4      | Killed Natasha
  4453 | D:4      | Reached skill level 5 in Invocations
  4453 | D:4      | Reached XP level 6. HP: 41/47 MP: 13/13
  5024 | D:4      | Acquired Lugonu's third power
  5191 | D:4      | Noticed Natasha
  5214 | D:4      | Killed Natasha
  5592 | D:5      | Entered Level 5 of the Dungeon
  5643 | D:5      | Noticed a sky beast
  5653 | D:5      | Banished a sky beast
  5670 | D:5      | Found a staircase to the Ecumenical Temple.
  6209 | D:5      | Reached skill level 5 in Maces & Flails
  6209 | D:5      | Reached skill level 1 in Dodging
  6209 | D:5      | Reached XP level 7. HP: 41/51 MP: 16/16
  6275 | D:6      | Reached skill level 1 in Shields
  6857 | D:6      | Found a glowing silver altar of Zin.
  7065 | D:6      | Reached XP level 8. HP: 47/60 MP: 18/18
  7241 | D:6      | Found Jiryfaw's Antique Weapon Shoppe.
  7255 | D:6      | Bought a runed quarterstaff for 108 gold pieces
  7355 | D:6      | Found an iron altar of Okawaru.
  7426 | D:6      | Reached skill level 6 in Maces & Flails
  8390 | D:7      | Found a stormy altar of Qazlal.
  8390 | D:7      | Found a glowing golden altar of the Shining One.
  8555 | D:7      | Acquired Lugonu's fourth power
  8718 | D:7      | Reached XP level 9. HP: 62/67 MP: 20/20
  8740 | D:7      | Reached skill level 5 in Fighting
  9087 | D:8      | Reached skill level 7 in Maces & Flails
  9200 | D:8      | Found a staircase to the Lair.
  9325 | D:8      | Noticed Erolcha
  9347 | D:8      | HP: 2/68 [Erolcha/giant spiked club (21)]
  9348 | D:8      | Demolished by Erolcha

Action                   |  1- 3 |  4- 6 |  7- 9 || total
-------------------------+-------+-------+-------++-------
Melee: Mace              |    66 |   168 |       ||   234
       Whip              |       |    60 |   305 ||   365
 Fire: Hunting sling     |       |     3 |       ||     3
Throw: Stone             |    49 |     8 |       ||    57
       Javelin           |       |    30 |    13 ||    43
Invok: Depart the Abyss  |     1 |       |       ||     1
       Bend Space        |       |     2 |       ||     2
       Banish            |       |     3 |       ||     3
 Abil: Dig               |       |     7 |    10 ||    17
Evoke: Wand              |       |     4 |     1 ||     5
  Use: Scroll            |     7 |     5 |     3 ||    15
       Potion            |     1 |     1 |     6 ||     8
  Eat: Chunk             |     1 |     3 |     8 ||    12
       Bread ration      |       |     2 |       ||     2
       Pizza             |       |     1 |     1 ||     2
       Beef jerky        |       |     1 |       ||     1
       Meat ration       |       |     1 |       ||     1
